BSA
SPRINGFIELD STARS @ JERSEY SHORE D-BAGS
06/27/2029
 
TOP OF THE 1ST
Springfield Stars batting - Pitching for Jersey Shore D-Bags : RHP Bob Moss
Pitching: RHP Bob Moss
Batting: RHB Norberto Taváres 0-0: Ball
1-0: Ball
2-0: Foul Ball, location: 2F
2-1: Ball
3-1: Bunted foul
3-2: SINGLE (Groundball, 56D)
Batting: LHB Mike Pearson 0-0: Called Strike
Norberto Taváres steals 2nd base
0-1: Fly out, F8 (Flyball, 89M)
Batting: LHB Derek Davidson 0-0: Ball
1-0: Called Strike
1-1: Ball
Wild Pitch!
Norberto Taváres to third
2-1: Ball
3-1: Called Strike
3-2: SINGLE (Flyball, 7LS)
Norberto Taváres scores
Batting: LHB Felipe Guerrero 0-0: Ball
Derek Davidson steals 2nd base
1-0: Ground out 4-3 (Groundball, 4)
Derek Davidson to third
Batting: LHB Elliott Newell 0-0: Ball
1-0: Ball
2-0: Called Strike
2-1: Called Strike
2-2: Strikes out looking
Top of the 1st over - 1 run, 2 hits, 0 errors, 1 left on base; Springfield 1 - Jersey Shore 0
BOTTOM OF THE 1ST
Jersey Shore D-Bags batting - Pitching for Springfield Stars : LHP Marcos Flores
Pitching: LHP Marcos Flores
Batting: RHB Ricardo González 0-0: Ball
1-0: Ground out 4-3 (Groundball, 4D)
Batting: RHB Mike Ingram 0-0: Called Strike
0-1: Foul Ball, location: 2F
0-2: Ball
1-2: Ball
2-2: Ball
3-2: Fly out, F6 (Line Drive, 6)
Batting: LHB Dave Dodd 0-0: Ball
1-0: Ground out 4-3 (Groundball, 4)
Bottom of the 1st over - 0 runs, 0 hits, 0 errors, 0 left on base; Springfield 1 - Jersey Shore 0
TOP OF THE 2ND
Springfield Stars batting - Pitching for Jersey Shore D-Bags : RHP Bob Moss
Batting: SHB António De La Cruz 0-0: Called Strike
0-1: Foul Ball, location: 2F
0-2: Ball
1-2: Foul Ball, location: 2F
1-2: SINGLE (Line Drive, 6MD)
Batting: RHB Calvin Bennett 0-0: Called Strike
0-1: Ball
1-1: Ball
2-1: Ball
3-1: Base on Balls
António De La Cruz to second
Batting: RHB Juan Carlos Rodríguez 0-0: Ball
1-0: Foul Ball, location: 2F
1-1: Ball
2-1: Foul Ball, location: 2F
2-2: Ball
3-2: Base on Balls
António De La Cruz to third
Calvin Bennett to second
Batting: RHB Gabriel Erwin 0-0: Ball
1-0: Called Strike
1-1: Ball
2-1: Called Strike
2-2: Foul Ball, location: 2F
2-2: Foul Ball, location: 2F
2-2: Foul Ball, location: 2F
2-2: Strikes out swinging
Batting: RHB Norberto Taváres 0-0: Ball
1-0: Ball
2-0: Ball
3-0: Base on Balls
António De La Cruz scores
Calvin Bennett to third
Juan Carlos Rodríguez to second
Batting: LHB Mike Pearson 0-0: SINGLE (Line Drive, 34D)
Calvin Bennett scores
Juan Carlos Rodríguez to third
Norberto Taváres to second
Runner from 3rd tries for Home, SAFE, no throw
Batting: LHB Derek Davidson 0-0: Ball
1-0: Ball
2-0: SINGLE (Flyball, 8RS)
Norberto Taváres to third
Mike Pearson to second
Runner from 3rd tries for Home, SAFE, no throw
Batting: LHB Felipe Guerrero 0-0: Called Strike
0-1: Ball
1-1: Ball
2-1: Swinging Strike
2-2: Ball
3-2: Foul Ball, location: 2F
3-2: Fielders Choice at 2nd, 3-6 (Groundball, 34)
Mike Pearson to third
Batting: LHB Elliott Newell 0-0: SINGLE (Groundball, 6D)
Mike Pearson scores
Felipe Guerrero to second
Batting: SHB António De La Cruz 0-0: Called Strike
0-1: Ball
1-1: Swinging Strike
1-2: Ball
2-2: Foul Ball, location: 2F
2-2: 3-RUN HOME RUN (Flyball, 9D), Distance : 426 ft
Batting: RHB Calvin Bennett 0-0: Swinging Strike
0-1: SINGLE (Groundball, 6MD)
Batting: RHB Juan Carlos Rodríguez 0-0: Foul Ball, location: 2F
0-1: Called Strike
Calvin Bennett steals 2nd base
0-2: Strikes out looking
Top of the 2nd over - 8 runs, 6 hits, 0 errors, 1 left on base; Springfield 9 - Jersey Shore 0
BOTTOM OF THE 2ND
Jersey Shore D-Bags batting - Pitching for Springfield Stars : LHP Marcos Flores
Batting: RHB Miguel Serna 0-0: Ball
1-0: Foul Ball, location: 2F
1-1: Foul Ball, location: 2F
1-2: Foul Ball, location: 2F
1-2: Ground out 4-3 (Groundball, 34)
Batting: RHB Ben Morton 0-0: Called Strike
0-1: Called Strike
0-2: Ball
1-2: Strikes out swinging
Batting: LHB António Cedeńo 0-0: Fly out, F8 (Flyball, 8RS)
Bottom of the 2nd over - 0 runs, 0 hits, 0 errors, 0 left on base; Springfield 9 - Jersey Shore 0
TOP OF THE 3RD
Springfield Stars batting - Pitching for Jersey Shore D-Bags : RHP Bob Moss
Batting: RHB Gabriel Erwin 0-0: Called Strike
0-1: Swinging Strike
0-2: Foul Ball, location: 2F
0-2: Ground out 6-3 (Groundball, 56)
Batting: RHB Norberto Taváres 0-0: Called Strike
0-1: Foul Ball, location: 2F
0-2: Foul Ball, location: 2F
0-2: Foul Ball, location: 2F
0-2: Ball
1-2: Fly out, F8 (Flyball, 8RD)
Batting: LHB Mike Pearson 0-0: Ball
1-0: Called Strike
1-1: Swinging Strike
1-2: Foul Ball, location: 2F
1-2: Foul Ball, location: 2F
1-2: DOUBLE (Line Drive, 89XD)
Batting: LHB Derek Davidson 0-0: Foul Ball, location: 2F
0-1: Ground out 4-3 (Groundball, 34)
Top of the 3rd over - 0 runs, 1 hit, 0 errors, 1 left on base; Springfield 9 - Jersey Shore 0
BOTTOM OF THE 3RD
Jersey Shore D-Bags batting - Pitching for Springfield Stars : LHP Marcos Flores
Batting: RHB Pat Fullerton 0-0: Ball
1-0: Ball
2-0: Swinging Strike
2-1: Ground out 1-3 (Groundball, 13S)
Batting: RHB Carlos Pérez 0-0: Ball
1-0: Ball
2-0: Fly out, F7 (Flyball, 7LSF)
Batting: LHB Ed Murray 0-0: Called Strike
0-1: Ball
1-1: Called Strike
1-2: Ground out 1-3 (Groundball, P)
Bottom of the 3rd over - 0 runs, 0 hits, 0 errors, 0 left on base; Springfield 9 - Jersey Shore 0
TOP OF THE 4TH
Springfield Stars batting - Pitching for Jersey Shore D-Bags : RHP Bob Moss
Batting: LHB Felipe Guerrero 0-0: Called Strike
0-1: Called Strike
0-2: Ground out 4-3 (Groundball, 4M)
Batting: LHB Elliott Newell 0-0: Swinging Strike
0-1: Ball
1-1: Foul Ball, location: 2F
1-2: Ball
2-2: SINGLE (Flyball, 8LS)
Batting: SHB António De La Cruz 0-0: Foul Ball, location: 2F
0-1: Fly out, F8 (Flyball, 8RS)
Batting: RHB Calvin Bennett 0-0: Foul Ball, location: 2F
0-1: Foul Ball, location: 2F
0-2: Strikes out swinging
Top of the 4th over - 0 runs, 1 hit, 0 errors, 1 left on base; Springfield 9 - Jersey Shore 0
BOTTOM OF THE 4TH
Jersey Shore D-Bags batting - Pitching for Springfield Stars : LHP Marcos Flores
Batting: RHB Ricardo González 0-0: Ball
1-0: Ball
2-0: Called Strike
2-1: Foul Ball, location: 2F
2-2: DOUBLE (Line Drive, 89XD)
Batting: RHB Mike Ingram 0-0: Swinging Strike
0-1: Fly out, F9 (Flyball, 9LM)
Runner from 2nd tags up, SAFE at 3rd with throw
Batting: LHB Dave Dodd 0-0: Called Strike
0-1: Swinging Strike
0-2: Fly out, F7 (Flyball, 7LS)
Runner from 3rd tags up, SCORES, no throw
Batting: RHB Miguel Serna 0-0: Ball
1-0: Ball
2-0: Ball
3-0: Base on Balls
Batting: RHB Ben Morton 0-0: Ball
1-0: Ball
2-0: Called Strike
2-1: SINGLE (Groundball, 56D)
Miguel Serna to second
Batting: LHB António Cedeńo 0-0: Called Strike
0-1: Foul Ball, location: 2F
0-2: Ball
1-2: Foul Ball, location: 2F
1-2: Fielders Choice at 2nd, U4 (Groundball, 4M)
Bottom of the 4th over - 1 run, 2 hits, 0 errors, 2 left on base; Springfield 9 - Jersey Shore 1
TOP OF THE 5TH
Springfield Stars batting - Pitching for Jersey Shore D-Bags : RHP Bob Moss
Batting: RHB Juan Carlos Rodríguez 0-0: Foul Ball, location: 2F
0-1: Fly out, F8 (Flyball, 8RXD)
Batting: RHB Gabriel Erwin 0-0: Ball
1-0: Ball
2-0: Called Strike
2-1: Ball
3-1: Base on Balls
Pitching: RHP Barry Garner
Batting: RHB Norberto Taváres 0-0: Called Strike
Gabriel Erwin is caught stealing 2nd base
0-1: Swinging Strike
0-2: Hit by Pitch
Batting: LHB Mike Pearson 0-0: Called Strike
0-1: Called Strike
Norberto Taváres steals 2nd base
0-2: Ball
1-2: Foul Ball, location: 2F
1-2: Fly out, F5 (Popup, 5SF)
Top of the 5th over - 0 runs, 0 hits, 0 errors, 1 left on base; Springfield 9 - Jersey Shore 1
BOTTOM OF THE 5TH
Jersey Shore D-Bags batting - Pitching for Springfield Stars : LHP Marcos Flores
Batting: RHB Pat Fullerton 0-0: Foul Ball, location: 2F
0-1: Ball
1-1: Ball
2-1: Called Strike
2-2: Strikes out swinging
Batting: RHB Carlos Pérez 0-0: Swinging Strike
0-1: Ball
1-1: Fly out, F9 (Line Drive, 9)
Batting: LHB Ed Murray 0-0: Called Strike
0-1: Foul Ball, location: 2F
0-2: Ball
1-2: Ball
2-2: Foul Ball, location: 2F
2-2: Foul Ball, location: 2F
2-2: Reached on error, E3 (Groundball, 3)
Batting: RHB Ricardo González 0-0: Called Strike
0-1: Called Strike
0-2: Foul Ball, location: 2F
0-2: SINGLE (Line Drive, 6M)
Ed Murray to second
Batting: RHB Mike Ingram 0-0: Ball
1-0: Ball
2-0: Ball
3-0: Called Strike
3-1: Ground out 4-3 (Groundball, 4)
Bottom of the 5th over - 0 runs, 1 hit, 1 error, 2 left on base; Springfield 9 - Jersey Shore 1
TOP OF THE 6TH
Springfield Stars batting - Pitching for Jersey Shore D-Bags : RHP Barry Garner
Batting: LHB Derek Davidson 0-0: Ball
1-0: Foul Ball, location: 2F
1-1: Swinging Strike
1-2: Strikes out swinging
Batting: LHB Felipe Guerrero 0-0: DOUBLE (Line Drive, 7LD)
Batting: LHB Elliott Newell 0-0: Called Strike
0-1: Called Strike
0-2: Ball
1-2: Ball
2-2: Ball
3-2: Strikes out swinging
Batting: SHB António De La Cruz 0-0: Called Strike
0-1: Ball
1-1: Foul Ball, location: 2F
1-2: Foul Ball, location: 2F
1-2: Ground out 4-3 (Groundball, 4)
Top of the 6th over - 0 runs, 1 hit, 0 errors, 1 left on base; Springfield 9 - Jersey Shore 1
BOTTOM OF THE 6TH
Jersey Shore D-Bags batting - Pitching for Springfield Stars : LHP Marcos Flores
Batting: LHB Dave Dodd 0-0: Foul Ball, location: 2F
0-1: Ball
1-1: Fly out, F5 (Popup, 56S)
Batting: RHB Miguel Serna 0-0: Ball
1-0: Ball
2-0: Ball
3-0: Called Strike
3-1: Foul Ball, location: 2F
3-2: SINGLE (Groundball, 4MD)
Batting: RHB Ben Morton 0-0: Ball
1-0: Fly out, F7 (Flyball, 7D)
Runner from 1st tags up, SAFE at 2nd
Batting: LHB António Cedeńo 0-0: Ball
1-0: Ground out 4-3 (Groundball, 4)
Bottom of the 6th over - 0 runs, 1 hit, 0 errors, 1 left on base; Springfield 9 - Jersey Shore 1
TOP OF THE 7TH
Springfield Stars batting - Pitching for Jersey Shore D-Bags : RHP Barry Garner
Batting: RHB Calvin Bennett 0-0: Called Strike
0-1: Fly out, F8 (Flyball, 89D)
Batting: RHB Juan Carlos Rodríguez 0-0: Ball
1-0: Ball
2-0: Called Strike
2-1: SINGLE (Flyball, 78S)
Batting: RHB Gabriel Erwin 0-0: SINGLE (Line Drive, 6)
Juan Carlos Rodríguez to second
Batting: RHB Norberto Taváres 0-0: Foul Ball, location: 2F
0-1: Ball
1-1: Ball
2-1: Foul Ball, location: 2F
2-2: Foul Ball, location: 2F
2-2: Foul Ball, location: 2F
2-2: Fly out, F4 (Popup, 4S)
Batting: LHB Mike Pearson 0-0: Ball
1-0: Fly out, F7 (Line Drive, 7S)
Top of the 7th over - 0 runs, 2 hits, 0 errors, 2 left on base; Springfield 9 - Jersey Shore 1
BOTTOM OF THE 7TH
Jersey Shore D-Bags batting - Pitching for Springfield Stars : LHP Marcos Flores
Batting: RHB Pat Fullerton 0-0: Called Strike
0-1: Called Strike
0-2: Ball
1-2: Foul Ball, location: 2F
1-2: Foul Ball, location: 2F
1-2: DOUBLE (Flyball, 8LXD)
Pitching: LHP Frank Jackson
Batting: RHB Carlos Pérez 0-0: Ball
1-0: Called Strike
1-1: Ball
2-1: Foul Ball, location: 2F
2-2: Ball
3-2: Base on Balls
Batting: LHB Ed Murray 0-0: Ball
1-0: Called Strike
1-1: Foul Ball, location: 2F
1-2: Strikes out swinging
Batting: RHB Ricardo González 0-0: 3-RUN HOME RUN (Flyball, 78XD), Distance : 404 ft
Batting: RHB Mike Ingram 0-0: Fly out, F9 (Flyball, 9LS)
Batting: LHB Dave Dodd 0-0: Fly out, F4 (Line Drive, 4)
Bottom of the 7th over - 3 runs, 2 hits, 0 errors, 0 left on base; Springfield 9 - Jersey Shore 4
TOP OF THE 8TH
Springfield Stars batting - Pitching for Jersey Shore D-Bags : RHP Barry Garner
Batting: LHB Derek Davidson 0-0: Ball
1-0: Swinging Strike
1-1: Ball
2-1: Called Strike
2-2: Foul Ball, location: 2F
2-2: Strikes out swinging
Batting: LHB Felipe Guerrero 0-0: Ball
1-0: Called Strike
1-1: Foul Ball, location: 2F
1-2: Ball
2-2: Ball
3-2: Foul Ball, location: 2F
3-2: Foul Ball, location: 2F
3-2: Foul Ball, location: 2F
3-2: SINGLE (Line Drive, 5D)
Pitching: LHP Ramón Ruíz
Batting: LHB Elliott Newell 0-0: Ball
1-0: Called Strike
1-1: Ball
2-1: Foul Ball, location: 2F
2-2: Strikes out swinging
Batting: SHB António De La Cruz 0-0: Ball
1-0: Swinging Strike
1-1: Foul Ball, location: 2F
1-2: Strikes out swinging
Top of the 8th over - 0 runs, 1 hit, 0 errors, 1 left on base; Springfield 9 - Jersey Shore 4
BOTTOM OF THE 8TH
Jersey Shore D-Bags batting - Pitching for Springfield Stars : LHP Frank Jackson
Batting: RHB Miguel Serna 0-0: Foul Ball, location: 2F
0-1: Ball
1-1: Fly out, F9 (Flyball, 89D)
Batting: RHB Ben Morton 0-0: Ball
1-0: Called Strike
1-1: Fly out, F9 (Line Drive, 9LM)
Batting: LHB António Cedeńo 0-0: Ball
1-0: Foul Ball, location: 2F
1-1: Ball
2-1: Foul Ball, location: 2F
2-2: Ground out U3 (Groundball, 34)
Bottom of the 8th over - 0 runs, 0 hits, 0 errors, 0 left on base; Springfield 9 - Jersey Shore 4
TOP OF THE 9TH
Springfield Stars batting - Pitching for Jersey Shore D-Bags : LHP Ramón Ruíz
Batting: RHB Calvin Bennett 0-0: DOUBLE (Line Drive, 89D)
Batting: RHB Juan Carlos Rodríguez 0-0: Ball
1-0: Ball
2-0: Fly out, F7 (Flyball, 78S)
Batting: RHB Gabriel Erwin 0-0: Ball
Calvin Bennett steals 3rd base
1-0: Ball
2-0: Ground out 6-3 (Groundball, 6)
Batting: RHB Norberto Taváres 0-0: Ball
1-0: Fly out, F8 (Flyball, 8RD)
Top of the 9th over - 0 runs, 1 hit, 0 errors, 1 left on base; Springfield 9 - Jersey Shore 4
BOTTOM OF THE 9TH
Jersey Shore D-Bags batting - Pitching for Springfield Stars : LHP Frank Jackson
Now at 2B: Dave Henderson
Batting: RHB Pat Fullerton 0-0: Ball
1-0: Ball
2-0: Ball
3-0: Called Strike
3-1: Fly out, F7 (Flyball, 7D)
Batting: RHB Carlos Pérez 0-0: Called Strike
0-1: Ground out 5-3 (Groundball, 56)
Batting: LHB Ed Murray 0-0: Ball
1-0: Fly out, F6 (Popup, 6)
Bottom of the 9th over - 0 runs, 0 hits, 0 errors, 0 left on base; Springfield 9 - Jersey Shore 4
Saturday, December 16th, 2017 - OOTP Baseball 18.8 Build 76